 Dungeon Crawl Stone Soup version 0.31.0-12-g77e489cdc1 (webtiles) character file.

Game seed: 4440220247878615340

1712 spaghetti the Cleaver (level 9, -5/85 HPs)
             Began as a Naga Chaos Knight on Mar 7, 2024.
             Was a Plaything of Xom.
             Slain by a hornet (15 damage)
             ... on level 8 of the Dungeon.
             The game lasted 00:06:02 (5708 turns).

spaghetti the Cleaver (Naga Chaos Knight)           Turns: 5708, Time: 00:06:02

Health: -5/85      AC:  6    Str: 19    XL:     9   Next: 4%
Magic:  9/9        EV:  9    Int: 12    God:    Xom [....*.]
Gold:   377        SH:  0    Dex: 14    Spells: 8/8 levels left

rFire   . . .        q - +2 hand axe (distort)
rCold   . . .        (no shield)
rNeg    + . .        b - +2 leather armour
rPois   +            (no helmet)
rElec   .            (no cloak)
rCorr   .            (no gloves)
SInv    +            (no barding)
Will    +++..        (no amulet)
Stlth   +            i - +6 ring of dexterity
HPRegen 0.34/turn    s - ring "Atot" {rPois rN+ Will++ Str+2 Dex-3}
MPRegen 0.11/turn

%: no passive effects
@: short of breath, very slow
A: AC +3, large, see invisible, deformed body, poison resistance, slowness 2,
spit poison 1, naga tail 1, dopey 1
a: Spit Poison, Renounce Religion


You were on level 8 of the Dungeon.
You worshipped Xom.
You were a beloved toy of Xom.
You visited 1 branch of the dungeon, and saw 8 of its levels.

You collected 452 gold pieces.
You spent 75 gold pieces at shops.

Inventory:

Hand Weapons
 q - a +2 hand axe of distortion (weapon)
Armour
 b - a +2 leather armour (worn)
Jewellery
 i - a +6 ring of dexterity (left hand)
 s - the ring "Atot" (right hand) {rPois rN+ Will++ Str+2 Dex-3}
   (You found it on level 6 of the Dungeon)

   [ring of positive energy]

   Str+2:     It affects your strength (+2).
   Dex-3:     It affects your dexterity (-3).
   rPois:     It protects you from poison rN+: It protects you from negative
   energy.
   Will++:    It greatly increases your willpower.
Wands
 a - a wand of paralysis (5)
 t - a wand of quicksilver (14)
Scrolls
 c - a scroll of butterflies
 e - a scroll of noise
 f - 2 scrolls of amnesia
 m - 2 scrolls of teleportation
 o - 2 scrolls of torment
 r - a scroll of immolation
Potions
 d - a potion of brilliance
 g - 3 potions of heal wounds
 h - a potion of lignification
 j - 3 potions of magic
 k - 3 potions of curing
 u - a potion of enlightenment {unknown}


   Skills:
 - Level 6.8 Fighting
 + Level 9.3(9.6) Axes
 - Level 3.0(6.6) Polearms
 - Level 1.5 Armour
 - Level 0.7 Dodging


You had 8 spell levels left.
You didn't know any spells.
Your spell library contained the following spells:

 Spells                   Type           Power      Damage    Failure   Level
 Ensorcelled Hibernation  Hex/Ice        0%         N/A       52%         2
 Passwall                 Erth           0%         N/A       75%         3
 Summon Ice Beast         Ice/Summ       0%         N/A       75%         3
 Swiftness                Air            0%         N/A       75%         3
 Tukima's Dance           Hex            0%         N/A       75%         3
 Manifold Assault         Tloc           0%         N/A       98%         4
 Passage of Golubria      Tloc           0%         N/A       98%         4
 Alistair's Intoxication  Alch           0%         N/A       100%        5
 Borgnjor's Vile Clutch   Necr/Erth      0%         N/A       100%        5
 Summon Mana Viper        Hex/Summ       0%         N/A       100%        5
 Yara's Violent Unravell  Hex/Alch       0%         3d3       100%        5
 Dispersal                Tloc           0%         N/A       100%        6
 Eringya's Noxious Bog    Alch           0%         4d6       100%        6
 Monstrous Menagerie      Summ           0%         N/A       100%        7
 Disjunction              Tloc           0%         N/A       100%        8


Dungeon Overview and Level Annotations

Branches:
Dungeon (8/15)             Temple (0/1) D:4
   Lair: D:8-11

Altars:
Ashenzari
Cheibriados
Elyvilon
Fedhas
Gozag
Hepliaklqana
Makhleb
Nemelex Xobeh
Trog
Xom
Yredelemnul

Shops:
D:2 (*(!*

Annotations:
Abyss:1 Maurice


Innate Abilities, Weirdness & Mutations

Your serpentine skin is tough. (AC +3)
You have supernaturally acute eyesight. (SInv)
Armour fits poorly on your strangely shaped body.
Your system is resistant to poisons. (rPois)
You cover ground very slowly.
You can spit poison.
You have a snake-like lower body.
You are dopey. (Int -2)


Message History

The orc wizard hits you with a +0 dagger.
* * * LOW HITPOINT WARNING * * *
The orc wizard gestures at you while chanting.
The puff of flame hits you.
* * * LOW HITPOINT WARNING * * *
The orc moves out of view.
Unknown command.
The air fills with toxic fumes!
As you read the scroll labelled PIAGON EZEMA, it crumbles to dust.
It was a scroll of poison.
The orc wizard hits you with a +0 dagger.
* * * LOW HITPOINT WARNING * * *
Unknown command.
You closely miss the orc wizard.
The orc wizard is severely wounded.
You barely miss the orc wizard.
The orc wizard is severely wounded.
The orc wizard hits you with a +0 dagger.
* * * LOW HITPOINT WARNING * * *
You barely miss the orc wizard.
The orc wizard is severely wounded.
The orc wizard barely misses you.
You slash the orc wizard!
You kill the orc wizard!
You start resting.
A hornet is nearby!
A hornet is nearby!
Aiming: Spit Poison (1% risk of failure)
Press: ? - help, Shift-Dir - straight line, f - hornet
Aim: a hornet (poison gas, 47% to hit)
The splash of poison misses the hornet.
The hornet is engulfed in poison gas.
The hornet is poisoned.
The hornet is engulfed in poison gas.
The hornet looks even sicker.
Unknown command.
Unknown command.
You hit the hornet.
Space warps horribly around the hornet.
The hornet is moderately wounded.
The hornet stings you!
You die...
Xom roars with laughter!

#.##......# .#
#.# ....#.. #.#
Y...# ######. #+#
....# ....§§
Y..... ..y.§§
..YY### ...#
~...Y .§§+
##########☼§☼#§§.
+○☼§§§§☼@y○§☼○§○.
#####○§#####§#§§.
#§.# #.# #..# #.#
#..# #.# #..# #.#
#..# #.# #†.# #=#
#..# #.#


You could see a hornet (very poisoned).

Vanquished Creatures
  A sky beast (D:8)
  A black bear (D:2)
  A centaur (D:8)
  A scorpion (D:6)
  3 wights (D:6)
  6 howler monkeys (D:8)
  2 bombardier beetles (D:3)
  3 jellies
  An orc priest (D:3)
  2 sleepcaps
  An orc wizard (D:8)
  A gnoll (D:3)
  6 adders
  A white imp (D:7)
  An ufetubus (D:7)
  3 dart slugs
  A ribbon worm (D:2)
  15 orcs
  5 endoplasms
  4 giant cockroaches
  7 goblins
  9 hobgoblins
  3 quokkas
  A ball python (D:4)
  4 bats
  2 frilled lizards
  3 kobolds
  4 rats
  2 rat zombies (D:7)
94 creatures vanquished.

Vanquished Creatures (collateral kills)
  An orc (D:3)
1 creature vanquished.

Grand Total: 95 creatures vanquished

Notes
Turn   | Place    | Note
-------+----------+-------------------------------------------
     0 | D:1      | spaghetti the Naga Chaos Knight began the quest for the
                  | Orb.
     0 | D:1      | Reached XP level 1. HP: 21/21 MP: 1/1
   221 | D:1      | Reached XP level 2. HP: 28/28 MP: 2/2
   715 | D:1      | XOM: silly message
   900 | D:2      | Reached XP level 3. HP: 34/36 MP: 3/3
   935 | D:2      | Found Xuxer's Weapon Shop.
   936 | D:2      | Found Otoic's Assorted Antiques.
   985 | D:2      | Found Ketwi's Antique Weapon Emporium.
  1182 | D:2      | Found a white marble altar of Elyvilon.
  1219 | D:2      | Found Alanao's Distillery.
  1226 | D:2      | Bought a potion of curing for 36 gold pieces
  1300 | D:2      | Found Awuazar's General Store.
  1306 | D:2      | Bought a scroll of teleportation for 39 gold pieces
  1345 | D:2      | Noticed a black bear
  1347 | D:2      | XOM: divination: detect creatures
  1351 | D:2      | Killed a black bear
  1352 | D:2      | Reached skill level 5 in Fighting
  1352 | D:2      | Reached XP level 4. HP: 48/48 MP: 4/4
  1352 | D:2      | Reached XP level 5. HP: 55/55 MP: 5/5
  1353 | D:2      | XOM: god gift: 29 gold pieces
  1498 | D:2      | XOM: scenery: summon butterflies
  1648 | D:3      | Found a faded altar of an unknown god.
  1685 | D:3      | XOM: divination: detect creatures
  1755 | D:3      | XOM: noise
  2230 | D:3      | Reached XP level 6. HP: 63/63 MP: 6/6
  2549 | D:3      | XOM: give mutation
  2549 | D:3      | Gained mutation: You are dopey. (Int -2) [Xom's mischief]
  2710 | D:3      | XOM: silly message
  2875 | D:4      | Reached skill level 1 in Axes
  3275 | D:4      | Reached skill level 2 in Axes
  3313 | D:4      | XOM: potion effect (might)
  3322 | D:4      | XOM: 1-stop teleportation journey
  3402 | D:4      | Found a staircase to the Ecumenical Temple.
  3524 | D:5      | Entered Level 5 of the Dungeon
  3543 | D:5      | Found a blossoming altar of Fedhas.
  3543 | D:5      | Found a basalt altar of Yredelemnul.
  3546 | D:5      | Found an opulent altar of Gozag.
  3549 | D:5      | Reached skill level 3 in Axes
  3549 | D:5      | Reached XP level 7. HP: 70/70 MP: 7/7
  3551 | D:5      | Found a broken altar of Ashenzari.
  3552 | D:5      | Found a shimmering altar of Xom.
  3552 | D:5      | Found a hazy altar of Hepliaklqana.
  3552 | D:5      | Found a burning altar of Makhleb.
  3554 | D:5      | Found a bloodstained altar of Trog.
  3555 | D:5      | Found a snail-covered altar of Cheibriados.
  3556 | D:5      | Found a sparkling altar of Nemelex Xobeh.
  3577 | D:5      | You fall into a shaft and drop 1 floor!
  3665 | D:6      | XOM: scenery: 1 doors close
  3669 | D:6      | Reached skill level 4 in Axes
  3834 | D:6      | XOM: scenery: 1 doors close
  3950 | D:6      | Identified the ring "Atot" {rPois rN+ Will++ Str+2 Dex-3}
  4015 | D:6      | XOM: scenery: 1 doors open, 1 doors close
  4024 | D:6      | Reached skill level 5 in Axes
  4310 | D:6      | Reached skill level 6 in Axes
  4310 | D:6      | Reached XP level 8. HP: 78/78 MP: 8/8
  4770 | D:7      | Noticed Maurice
  4781 | D:7      | Maurice stole a +0 spear of chaos
  4786 | D:7      | XOM: confuse monster(s)
  4790 | D:7      | Banished Maurice
  4791 | D:7      | Reached skill level 7 in Axes
  4964 | D:7      | Found a sand-covered staircase.
  5094 | D:7      | Reached skill level 8 in Axes
  5273 | D:7      | Noticed a two-headed ogre
  5277 | D:7      | Noticed a two-headed ogre
  5280 | D:7      | a two-headed ogre changed into a yak
  5280 | D:7      | Noticed a yak
  5280 | D:7      | XOM: polymorph two-headed ogre -> yak
  5328 | D:8      | XOM: cloud trail
  5670 | D:8      | Noticed a yak
  5670 | D:8      | XOM: destruction
  5670 | D:8      | Noticed a yak
  5670 | D:8      | Noticed a yak
  5671 | D:8      | Noticed a yak
  5671 | D:8      | Noticed a yak
  5672 | D:8      | Noticed a yak
  5672 | D:8      | XOM: 7-stop teleportation journey
  5683 | D:8      | Reached skill level 9 in Axes
  5693 | D:8      | Noticed a hornet
  5699 | D:8      | Reached XP level 9. HP: 18/85 MP: 9/9
  5708 | D:8      | Slain by a hornet

Illustrated notes

Levels and vault maps discovered:
D:1:      dpeg_arrival_solitude, layout_basic
D:2:      layout_loops_cross, basic_altar, serial_shops, shop,
          nicolae_shop_rolling_square, nicolae_shop_hallway_plus, shop,
          nicolae_shop_stone, nrook_mini_backslash, mrwooster_statue_mirror
D:3:      minmay_general_purpose_star, layout_basic,
          chequers_ecumenical_altar_island
D:4:      layout_gridville, minmay_temple_entry_waves
D:5:      layout_basic, minitemple, serial_shops, nicolae_shop_back_alley_shop,
          dreamdust_princess_bridge, amcnicky_mini_pool_small
D:6:      layout_gridville
D:7:      nzn_winding_woodlands_stair_cross
          [nzn_winding_woodlands_5x15_longhouse,
          nzn_winding_woodlands_center_diamonds,
          nzn_winding_woodlands_5x15_zeroes,
          nzn_winding_woodlands_5x5_open_star,
          nzn_winding_woodlands_5x5_closed_star,
          nzn_winding_woodlands_5x15_jagged,
          nzn_winding_woodlands_center_triple_pond,
          nzn_winding_woodlands_5x15_pockets], layout_loops_corners,
          enter_ossuary_4, minmay_misc_feat_secret_circle, uniq_maurice,
          uniq_duvessa
D:8:      layout_basic, lair_entry_dummy

Skill      XL: |  1  2  3  4  5  6  7  8 |
---------------+-------------------------+-----
Fighting       | 4 5 6 |  6.8
Axes           | 3 6 9 |  9.3
Polearms       | |  3.0
Armour         | |  1.5
Dodging        | |  0.7

Action                     |  1- 3 |  4- 6 |  7- 9 || total
---------------------------+-------+-------+-------++-------
  Melee: Spear             |    84 |    78 |       ||   162
         Punch             |     1 |       |     2 ||     3
         Hand axe          |       |    49 |    73 ||   122
Ability: Spit Poison       |    19 |    22 |    16 ||    57
    Use: Scroll            |     2 |     5 |     4 ||    11
         Potion            |     1 |       |     2 ||     3
   Stab: Confused          |     2 |       |       ||     2
         Petrifying        |       |     2 |       ||     2
         Distracted        |       |     2 |       ||     2
         Sleeping          |       |     1 |       ||     1
         Invisible         |       |       |     1 ||     1
 Armour: Leather armour    |    55 |    90 |    72 ||   217
  Dodge: Dodged            |    32 |    51 |    24 ||   107
